 Dungeon Crawl Stone Soup version 0.26-a0-505-g732bf3b8d2 (webtiles) character file.

Game seed: 7042776470598975877

63 KristoblXynda the Ducker (level 3, -2/28 HPs)
             Began as a Vampire Gladiator on Aug 9, 2020.
             Slain by an orc
             ... wielding a +0 trident
              (10 damage)
             ... on level 2 of the Dungeon.
             The game lasted 00:01:00 (623 turns).

KristoblXynda the Ducker (Vampire Gladiator)         Turns: 623, Time: 00:01:01

Health: -2/28      AC:  4    Str: 14    XL:     3   Next: 87%
Magic:  3/3        EV: 13    Int: 10    God:
Gold:   35         SH:  0    Dex: 15    Spells: 2/2 levels left

rFire    . . .     SeeInvis +   a - +0 long sword
rCold    . . .     Faith    .   (no shield)
rNeg     . . .     Spirit   .   b - +0 leather armour
rPois    .         Reflect  .   c - +0 helmet
rElec    .         Harm     .   (no cloak)
rCorr    .                      (no gloves)
MR       .....                  (no boots)
Stlth    ++........             (no amulet)
HPRegen  0.29/turn              (no ring)
MPRegen  0.08/turn              (no ring)

@: regenerating quickly
A: fangs 3, see invisible, unbreathing
a: Exsanguinate


You were on level 2 of the Dungeon.
You visited 1 branch of the dungeon, and saw 2 of its levels.

You collected 35 gold pieces.

Inventory:

Hand Weapons
 a - a +0 long sword (weapon)
Missiles
 d - 3 throwing nets (quivered)
Armour
 b - a +0 leather armour (worn)
 c - a +0 helmet (worn)
 j - a cursed +0 scale mail
Scrolls
 g - 3 scrolls of identify {unknown}
 h - a scroll of amnesia {unknown}
Potions
 f - a potion of might {unknown}
 i - a potion of curing {unknown}


   Skills:
 + Level 2.4 Fighting
 + Level 3.5 Long Blades
 - Level 2.0 Throwing
 + Level 3.9 Dodging
 + Level 1.4 Stealth


You had 2 spell levels left.
You didn't know any spells.
Your spell library was empty.

Dungeon Overview and Level Annotations

Branches:
Dungeon (2/15)

Altars:


Innate Abilities, Weirdness & Mutations

Your natural rate of healing is unusually fast.
You have razor-sharp teeth.
You have supernaturally acute eyesight. (SInv)
You can survive without breathing.


Message History

a +0 flail; an orc corpse You miss the orc wizard.
The orc wizard is moderately wounded.
The orc wizard barely misses you. The orc closely misses you.
You barely miss the orc wizard. Your bite misses the orc wizard.
The orc wizard is moderately wounded.
The orc wizard closely misses you. The orc wizard misses you.
The orc hits you but does no damage.
You barely miss the orc wizard.
The orc wizard is moderately wounded.
The orc wizard misses you.
You riposte.
You slash the orc wizard!
The orc wizard is severely wounded.
The orc hits you but does no damage.
You barely miss the orc wizard.
You bite the orc wizard, but do no damage.
The orc wizard is severely wounded.
The orc wizard hits you with a +0 mace.
* * * LOW HITPOINT WARNING * * *
The orc hits you from afar with a +0 trident!
You die...

.... ##.# .... ..#.#
..... ##.#.# .....
...> ...... ...
......##.# #..o...#
#
#.#####..#######.###
#..........oo@.....#
#.###.##.#######..##
#....#.# .# #....#.#
# #..#.#.# #..#.#.#
#..#.#.# #....#.#
#..###.#


You could see an orc wizard (fast) and an orc.

Vanquished Creatures
  A gnoll (D:1)
  2 adders (D:2)
  2 dart slugs (D:1)
  A leopard gecko (D:1)
  2 orcs (D:2)
  A giant cockroach (D:1)
  2 goblins (D:1)
  6 hobgoblins
  3 jackals (D:2)
  2 bats
  4 kobolds (D:1)
  A rat (D:1)
27 creatures vanquished.

Notes
Turn   | Place    | Note
-------+----------+-------------------------------------------
     0 | D:1      | KristoblXynda the Vampire Gladiator began the quest for the
                  | Orb.
     0 | D:1      | Reached XP level 1. HP: 16/16 MP: 1/1
   129 | D:1      | Reached XP level 2. HP: 21/22 MP: 2/2
   348 | D:1      | Reached XP level 3. HP: 26/27 MP: 3/3
   556 | D:2      | Reached skill level 1 in Stealth
   623 | D:2      | Slain by an orc

Illustrated notes

Levels and vault maps discovered:
D:1:      ncdulo_wetmaze, layout_rooms
D:2:      kennysheep_big_flooded_room, layout_basic,
          lemuel_coloured_pillars_altar, minmay_goblin_kobold_house

Skill      XL: |  1  2  3 |
---------------+----------+-----
Fighting       | 2 |  2.4
Throwing       | 2 |  2.0
Stealth        | 1 |  1.4
Long Blades    | |  3.5
Dodging        | |  3.9

Action                   || total
-------------------------++-------
Melee: Long sword        ||    94
       Bite              ||     9
  Use: Potion            ||     1
Armor: Leather armour    ||    17
Dodge: Dodged            ||    78
       Rpst.: Long sword ||    21

Table legend: (Time is in decaauts)
 A = Elapsed time spent in this place.
 B = Non-inter-level travel time spent in this place.
 C = Inter-level travel time spent in this place.
 D = Time resting spent in this place.
 E = Time spent auto-exploring this place.
 F = Levels seen in this place.
 G = Mean time per level.
                   A        B        C        D        E       F      G
               +--------+--------+--------+--------+--------+-----+--------+
         Total |    647 |    624 |     23 |      0 |    394 |   2 |  323.5 |
       Dungeon |    647 |    624 |     23 |      0 |    394 |   2 |  323.5 |
               +--------+--------+--------+--------+--------+-----+--------+

Top non-repeatable levels by time:
     D:1: 554 daAuts
     D:2: 93 daAuts
